 Dungeon Crawl Stone Soup version 0.24-a0-584-g9d6b971ae4 (webtiles) character file.

Game seed: 4242738603732755983, levelgen mode: deterministic

595 EnegeticOcto the Fighter (level 7, -1/94 HPs)
             Began as an Octopode Ice Elementalist on Sept 1, 2019.
             Was an Initiate of Okawaru.
             Slain by a killer bee (7 damage)
             ... on level 4 of the Dungeon.
             The game lasted 00:05:28 (4786 turns).

EnegeticOcto the Fighter (OpIE)                     Turns: 4786, Time: 00:05:28

Health: -1/94      AC:  1    Str: 12    XL:     7   Next: 40%
Magic:  7/10       EV: 13    Int: 18    God:    Okawaru [......]
Gold:   247        SH:  0    Dex: 14    Spells: 4/10 levels left

rFire    . . .     SeeInvis .   o - +2 dagger (venom)
rCold    . . .     Gourm    .   (no shield)
rNeg     . . .     Faith    .   (helmet restricted)
rPois    .         Spirit   .   q - amulet of magic regeneration
rElec    .         Reflect  .   t - ring of wizardry
rCorr    .         Harm     .   (no ring)
MR       .....                  (no ring)
Stlth    ..........             (no ring)
HPRegen  0.25/turn              (no ring)
MPRegen  0.37/turn              (no ring)
                                (no ring)
                                (no ring)

@: berserking, lethally poisoned (-1 -> -22), very quick
A: almost no armour, stealthy swim, amphibious, 8 rings, constrict 8, camouflage
1, gelatinous body 1
a: Renounce Religion


You were on level 4 of the Dungeon.
You worshipped Okawaru.
Okawaru was noncommittal.
You were not hungry.

You visited 2 branches of the dungeon, and saw 6 of its levels.

You collected 247 gold pieces.

Inventory:

Hand Weapons
 o - a +2 dagger of venom (weapon)
Jewellery
 g - an uncursed amulet of the gourmand {unknown}
 q - an amulet of magic regeneration (around mantle)
 t - a ring of wizardry (left tentacle)
Wands
 u - a wand of acid (6)
Scrolls
 f - 2 scrolls of remove curse {unknown}
 h - a scroll of noise
 j - a scroll of blinking {@r4}
 k - 3 scrolls of immolation
 l - 3 scrolls of teleportation {@r3 !r}
 r - a scroll of enchant armour {unknown}
 s - 2 scrolls of fear {!r}
 v - a scroll of identify {@r1}
 x - a scroll of amnesia {unknown}
Potions
 a - a potion of resistance
 d - a potion of might {@q3 !q}
 i - 2 potions of flight
 m - a potion of haste {@q4 !q}
Comestibles
 e - 7 rations


   Skills:
 - Level 12.5 Fighting
 - Level 2.0 Dodging
 + Level 5.7 Stealth
 + Level 1.1 Unarmed Combat
 - Level 2.0 Spellcasting
 - Level 1.0 Conjurations
 + Level 4.5 Ice Magic


You had 4 spell levels left.
You knew the following spells:

 Your Spells              Type           Power        Failure   Level  Hunger
a - Freeze                Ice            ###.         1%          1    #......
b - Throw Frost           Conj/Ice       ##....       3%          2    ###....
c - Ozocubu's Armour      Chrm/Ice       ##......     9%          3    ###....

Your spell library contained the following spells:

 Spells                   Type           Power        Failure   Level  Hunger
 Throw Icicle             Conj/Ice       ##......     22%         4    #####..
 Summon Ice Beast         Ice/Summ       ##......     26%         4    #####..


Dungeon Overview and Level Annotations

Branches:
Dungeon (5/15)             Temple (1/1) D:4

Altars:
Ashenzari
Cheibriados
Dithmenos
Elyvilon
Fedhas
Gozag
Hepliaklqana
Kikubaaqudgha
Makhleb
Nemelex Xobeh
Okawaru
Qazlal
Ru
Trog
Uskayaw
Vehumet
The Shining One

Annotations:
D:2 1 runed translucent door, Crazy Yiuf
D:3 Dowan, Duvessa


Innate Abilities, Weirdness & Mutations

You cannot wear most types of armour.
You are very stealthy in the water. (Stealth+)
You are amphibious.
You can wear up to eight rings at the same time.
You can use your tentacles to constrict eight enemies at once.
Your skin changes colour to match your surroundings (Stealth+).
Your rubbery body absorbs attacks. (AC +1, EV +1)


Message History

You freeze the killer bee.
The killer bee is almost dead.
The killer bee stings you but does no damage. x2
Casting: Freeze (safe; 1% risk of failure)
Confirm with . or Enter, or press ? or * to list all spells.
Aiming: Freeze (safe; 1% risk of failure)
Press: ? - help, Shift-Dir - straight line, f/p - killer bee
Aim: a killer bee (almost dead)
You freeze the killer bee.
You kill the killer bee!
Okawaru accepts your kill.
Your Unarmed Combat skill increases to level 1!
You feel sick.
You start resting.
You feel sick. x5
Magic restored.
You feel sick. x2
Your transformation is almost over.
You start resting.
You feel sick. x2
You feel less wooden.
You start resting.
You feel sick.
You are no longer poisoned.
You start resting.
HP restored.
Okay, then.
There is a stone staircase leading down here.
You climb downwards.
There is a stone staircase leading up here.
The worker ant waves its antennae.
The worker ant bites you.
You hit the worker ant.
The worker ant is poisoned.
Your grab misses the worker ant.
The worker ant is lightly wounded.
The worker ant closely misses you.
You closely miss the worker ant. Your grab misses the worker ant.
The worker ant is lightly wounded.
The worker ant closely misses you.
You barely miss the worker ant. Your grab misses the worker ant.
The worker ant is heavily wounded.
The worker ant bites you.
You are poisoned.
The worker ant poisons you!
You completely miss the worker ant. You grab the worker ant.
The worker ant is heavily wounded.
You constrict the worker ant, but do no damage.
You feel sick. The worker ant bites you.
You are more poisoned.
The worker ant poisons you!
You release your grip on the worker ant.
You feel sick.
You kill the worker ant!
Okawaru accepts your kill. The killer bee stings you. x2
You climb upwards.
You feel sick.
There is a stone staircase leading down here.
Casting: Freeze (safe; 1% risk of failure)
Confirm with . or Enter, or press ? or * to list all spells.
Aiming: Freeze (safe; 1% risk of failure)
Press: ? - help, Shift-Dir - straight line, f - killer bee
Aim: a killer bee You freeze the killer bee.
The killer bee is moderately wounded.
You feel sick. The killer bee stings you. x2
You are more poisoned.
The killer bee poisons you!
Casting: Freeze (safe; 1% risk of failure)
Confirm with . or Enter, or press ? or * to list all spells.
Aiming: Freeze (safe; 1% risk of failure)
Press: ? - help, Shift-Dir - straight line, f/p - killer bee
Aim: a killer bee (moderately wounded)
You freeze the killer bee.
The killer bee is severely wounded.
You feel sick. The killer bee barely misses you. The killer bee stings you.
* * * LOW HITPOINT WARNING * * *
You are more poisoned.
The killer bee poisons you!
Casting: Freeze (safe; 1% risk of failure)
Confirm with . or Enter, or press ? or * to list all spells.
Aiming: Freeze (safe; 1% risk of failure)
Press: ? - help, Shift-Dir - straight line, f/p - killer bee
Aim: a killer bee (severely wounded)
You freeze the killer bee.
The killer bee is severely wounded.
* * * LOW HITPOINT WARNING * * *
You feel sick. The killer bee stings you.
* * * LOW HITPOINT WARNING * * *
You are more poisoned.
The killer bee poisons you! The killer bee closely misses you.
It was a potion of experience.
You feel more experienced!
Training target 10.0 for Fighting reached!
Your Fighting skill gained 9 levels and is now at level 12!
You have reached level 7!
* * * LOW HITPOINT WARNING * * *
You feel sick. The killer bee barely misses you. The killer bee stings you.
* * * LOW HITPOINT WARNING * * *
A red film seems to cover your vision as you go berserk!
You feel yourself moving faster!
You feel mighty!
* * * LOW HITPOINT WARNING * * *
You feel sick. The killer bee stings you!
You die...

...<..# #......###....#.........
.....## ##..###.# ##.#.#....#.#..
....## #..## #.# #...#.####....
..#######..# #.## #...#.# ##...
...###.....# #..# #.....####....
#......###[# ##.# ##...##.......
.........).#####.####......##....
#........).......y.........##....
#......<...#####@..........##....
...........#...........#......###
#.........##............##..#####
#...>.....#.............##...###.
.................................
..........###...........#........
..........###....................
...........^............#.....##.
..............................##.


You could see a killer bee.

Vanquished Creatures
  2 killer bees
  An orc priest (D:4)
  2 worker ants
  Robin (D:3)
  3 adders
  3 worms
  An adder skeleton (D:4)
  A dart slug (D:1)
  A leopard gecko (D:4)
  6 orcs
  3 ball pythons
  2 giant cockroaches
  9 goblins
  11 hobgoblins
  8 jackals
  3 quokkas
  4 bats
  A frilled lizard (D:2)
  7 kobolds
  17 rats
86 creatures vanquished.

Notes
Turn   | Place    | Note
-------+----------+-------------------------------------------
     0 | D:1      | EnegeticOcto the Octopode Ice Elementalist began the quest
                  | for the Orb.
     0 | D:1      | Reached XP level 1. HP: 11/11 MP: 3/3
    40 | D:1      | Reached XP level 2. HP: 7/18 MP: 5/5
   271 | D:1      | Reached skill level 1 in Fighting
   642 | D:1      | Reached XP level 3. HP: 19/23 MP: 6/6
  1196 | D:1      | Learned a level 2 spell: Throw Frost
  1200 | D:1      | Learned a level 3 spell: Ozocubu's Armour
  1510 | D:2      | Found a stormy altar of Qazlal.
  1725 | D:2      | Reached XP level 4. HP: 25/29 MP: 7/7
  1896 | D:2      | Found a runed translucent door.
  1897 | D:2      | Noticed Crazy Yiuf
  2418 | D:3      | Reached skill level 2 in Fighting
  2969 | D:3      | Noticed Robin
  2976 | D:3      | Killed Robin
  3245 | D:4      | Noticed Dowan
  3247 | D:4      | Noticed Duvessa
  3421 | D:4      | Reached XP level 5. HP: 31/35 MP: 8/8
  3834 | D:4      | Reached skill level 5 in Stealth
  4254 | D:4      | Found a staircase to the Ecumenical Temple.
  4364 | Temple   | Entered the Ecumenical Temple
  4468 | Temple   | Became a worshipper of Warmaster Okawaru
  4501 | D:5      | Entered Level 5 of the Dungeon
  4502 | D:5      | Reached skill level 3 in Fighting
  4502 | D:5      | Reached XP level 6. HP: 42/42 MP: 9/9
  4513 | D:4      | Reached skill level 1 in Unarmed Combat
  4785 | D:4      | Reached skill level 12 in Fighting
  4785 | D:4      | Reached XP level 7. HP: 10/63 MP: 7/10
  4786 | D:4      | Slain by a killer bee

Levels and vault maps discovered:
D:1:      erik_arrival_orb_chamber, layout_loops_ring
D:2:      layout_loops_ring, grunt_qazlal_sundering, uniq_crazy_yiuf_cottage
D:3:      layout_basic, uniq_robin
D:4:      layout_rooms, minmay_temple_entry_statues_pillars, uniq_duvessa
D:5:      cheibrodos_two_vegetables, layout_loops_ring, led_xom_imps,
          serial_shops, shop_fountains, first_ration
Temple:   eino_temple_rhombus

Skill      XL: |  1  2  3  4  5  6 |
---------------+-------------------+-----
Stealth        | 3 4 5 |  5.7
Fighting       | 1 2 3 12 | 12.5
Ice Magic      | 4 |  4.5
Unarmed Combat | 1 |  1.1
Dodging        | |  2.0
Spellcasting   | |  2.0
Conjurations   | |  1.0

Action                   |  1- 3 |  4- 6 |  7- 9 || total
-------------------------+-------+-------+-------++-------
Melee: Unarmed           |    86 |       |       ||    86
       Constrict         |    29 |    28 |       ||    57
       Tentacles         |    25 |    16 |       ||    41
       Dagger            |     4 |    84 |       ||    88
 Cast: Freeze            |    10 |    14 |       ||    24
  Use: Scroll            |       |    15 |       ||    15
       Potion            |       |     3 |     1 ||     4
 Stab: Sleeping          |     9 |     9 |       ||    18
  Eat: Chunk             |     3 |     7 |       ||    10
       Ration            |       |     1 |       ||     1
Armor: Skin              |    10 |    13 |       ||    23
Dodge: Dodged            |    44 |    46 |     1 ||    91

Table legend:
 A = Non-vault XP
 B = Vault XP
 C = Vault XP percentage of total XP
 D = Non-vault monster count
 E = Vault monster count
 F = Vault count percentage of total count
                 A         B        C        D         E       F
            +---------+---------+-------+---------+---------+-------
      Total |     404 |      35 |   8.0 |      68 |      18 |  20.9
            +---------+---------+-------+---------+---------+-------
        D:1 |      43 |      12 |  21.8 |      23 |      12 |  34.3
        D:2 |      36 |       0 |   0.0 |      13 |       0 |   0.0
        D:3 |      41 |      23 |  35.9 |      14 |       6 |  30.0
        D:4 |     187 |       0 |   0.0 |      16 |       0 |   0.0
        D:5 |      97 |       0 |   0.0 |       2 |       0 |   0.0
            +---------+---------+-------+---------+---------+-------
